 Dungeon Crawl Stone Soup version 0.30.1-3-gfc49f6343a (webtiles) character file.

Game seed: 12965584015927945706

87 KyoPewz the Cudgeller (level 4, -5/44 HPs)
             Began as an Ogre Gladiator on July 30, 2023.
             Slain by a gnoll
             ... wielding a +0 flail
              (7 damage)
             ... on level 3 of the Dungeon.
             The game lasted 00:02:51 (1996 turns).

KyoPewz the Cudgeller (Ogre Gladiator)              Turns: 1996, Time: 00:02:52

Health: -5/44      AC:  3    Str: 20    XL:     4   Next: 51%
Magic:  4/4        EV: 10    Int:  9    God:
Gold:   98         SH:  0    Dex: 10    Spells: 3/3 levels left

rFire   . . .        a - +0 flail
rCold   . . .        (no shield)
rNeg    . . .        b - +0 robe
rPois   .            c - +0 hat
rElec   .            (no cloak)
rCorr   .            (gloves unavailable)
SInv    .            (boots unavailable)
Will    .....        (no amulet)
Stlth   +            (no ring)
HPRegen 0.27/turn    (no ring)
MPRegen 0.09/turn

%: no passive effects
@: no status effects
A: large, unfitting armour, tough skin 1
a: no special abilities


You were on level 3 of the Dungeon.
You visited 1 branch of the dungeon, and saw 3 of its levels.

You collected 98 gold pieces.

Inventory:

Hand Weapons
 a - a +0 flail (weapon)
Missiles
 d - 3 throwing nets (quivered)
Armour
 b - a +0 robe (worn)
 c - a +0 hat (worn)
Scrolls
 f - a scroll of identify {unknown}
 i - 3 scrolls of noise {unknown}
 k - 3 scrolls of teleportation {unknown}
Potions
 g - a potion of curing {unknown}
 h - 2 potions of haste {unknown}
 j - a potion of lignification {unknown}


   Skills:
 - Level 2.6 Fighting
 + Level 3.8 Maces & Flails
 + Level 3.5 Throwing
 - Level 2.6 Dodging


You had 3 spell levels left.
You didn't know any spells.
Your spell library contained the following spells:

 Spells                   Type           Power      Damage    Failure   Level
 Alistair's Intoxication  Tmut/Pois      0%         N/A       100%        5
 Borgnjor's Vile Clutch   Necr/Erth      0%         N/A       100%        5
 Eringya's Noxious Bog    Tmut/Pois      0%         N/A       100%        6


Dungeon Overview and Level Annotations

Branches:
Dungeon (3/15)

Altars:
Ashenzari
Hepliaklqana


Innate Abilities, Weirdness & Mutations

You are too large for most types of armour.
You have tough skin. (AC +1)


Message History

The gnoll hits you with a +0 spear. x2
You take 5 damage, and have 16/44 hp.
You thump the gnoll!
The gnoll is almost dead.
The gnoll barely misses you.
You closely miss the gnoll.
The gnoll is almost dead.
The gnoll barely misses you.
You hit the gnoll but do no damage.
The gnoll is almost dead.
The gnoll hits you with a +0 spear.
* * * LOW HITPOINT WARNING * * *
You take 5 damage, and have 12/44 hp.
You sock the gnoll!
You kill the gnoll!
You hit the gnoll but do no damage. The gnoll hits you with a +0 club.
* * * LOW HITPOINT WARNING * * *
The gnoll hits you but does no damage.
You take 2 damage, and have 11/44 hp.
You sock the gnoll!
The gnoll is severely wounded.
The gnoll hits you with a +0 club.
* * * LOW HITPOINT WARNING * * *
You take 3 damage, and have 8/44 hp.
You closely miss the gnoll.
The gnoll is severely wounded.
The gnoll hits you with a +0 club.
* * * LOW HITPOINT WARNING * * *
You take 4 damage, and have 4/44 hp.
You hit the gnoll.
You kill the gnoll!
The gnoll shoots a sling bullet.
The sling bullet hits you.
* * * LOW HITPOINT WARNING * * *
You take 3 damage, and have 1/44 hp.
Throw: large rock
Press: ? - help, Shift-Dir - straight line, f - gnoll
Aim: a gnoll, wielding a +0 flail (moderately wounded, 61% to hit)
You throw a large rock. The large rock barely misses the gnoll.
The gnoll hits you with a +0 flail!
You die...

..#
######.....#
..#
#.....#....####
..#
#.............#
..#
#.............#
..#
#.............#
..#
#.....####..###
..##......#
##.##
####......#
#..# # #......#
##@# ##### ## #
#......# #g###
#...# ... #
#...### #g..#
#...#..#
###.###.....#
#...'..>.#
#####...##
#...# #...#
#...#


You could see 2 gnolls.

Vanquished Creatures
  2 gnolls (D:3)
  An adder (D:3)
  2 worms
  2 dart slugs
  An orc (D:3)
  6 ball pythons
  3 endoplasms (D:2)
  2 giant cockroaches
  5 goblins
  7 jackals
  2 quokkas
  5 bats
  A frilled lizard (D:1)
  3 kobolds
  7 rats
49 creatures vanquished.

Notes
Turn   | Place    | Note
-------+----------+-------------------------------------------
     0 | D:1      | KyoPewz the Ogre Gladiator began the quest for the Orb.
     0 | D:1      | Reached XP level 1. HP: 22/22 MP: 1/1
   171 | D:1      | Reached XP level 2. HP: 20/29 MP: 2/2
   583 | D:1      | Reached XP level 3. HP: 35/36 MP: 3/3
  1584 | D:2      | Found a broken altar of Ashenzari.
  1743 | D:3      | Found a hazy altar of Hepliaklqana.
  1853 | D:3      | Reached XP level 4. HP: 23/44 MP: 4/4
  1995 | D:3      | HP: 1/44 [gnoll/sling bullet (3)]
  1996 | D:3      | Slain by a gnoll

Illustrated notes

Levels and vault maps discovered:
D:1:      dpeg_arrival_simpleton_b, layout_loops_ring
D:2:      layout_loops_corners, basic_altar
D:3:      layout_basic, mainiacjoe_overflow_boulevard,
          shapermc_ecumenical_altar_mp_highgroup, ebering_dispersal_statue_hall,
          uniq_terence

Skill      XL: |  1  2  3 |
---------------+----------+-----
Maces & Flails | 3 |  3.8
Throwing       | 3 |  3.5
Fighting       | |  2.6
Dodging        | |  2.6

Action                     |  1- 3 |  4- 6 || total
---------------------------+-------+-------++-------
  Melee: Flail             |   133 |    20 ||   153
  Throw: Large rock        |       |     1 ||     1
   Stab: Sleeping          |     2 |       ||     2
 Armour: Robe              |    54 |     2 ||    56
  Dodge: Dodged            |    85 |    13 ||    98
